 Dungeon Crawl Stone Soup version 0.27.1-4-g1640c2035a (webtiles) character file.

Game seed: 14159878125919505229

163 Stomo444 the Grave Robber (level 5, 0/25 HPs)
             Began as a Vine Stalker Necromancer on Nov 11, 2021.
             Slain by an ogre (25 damage)
             ... on level 3 of the Dungeon.
             The game lasted 00:08:19 (4149 turns).

Stomo444 the Grave Robber (VSNe)                    Turns: 4149, Time: 00:08:20

Health: 0/25       AC:  4    Str: 12    XL:     5   Next: 44%
Magic:  0/11       EV: 12    Int: 15    God:
Gold:   110        SH:  0    Dex: 14    Spells: 6/10 levels left

rFire    . . .     SeeInvis .   c - +0 short sword
rCold    . . .     Faith    .   (no shield)
rNeg     . . .     Spirit   +   h - +2 robe {Will+}
rPois    .         Reflect  .   (no helmet)
rElec    .         Harm     .   (no cloak)
rCorr    .         Rampage  .   (no gloves)
Will     ++...                  (no boots)
Stlth    ++........             (no amulet)
HPRegen  1.08/turn              d - ring of willpower
MPRegen  0.12/turn              (no ring)

@: no status effects
A: fangs 2, regeneration 1, magic shield, antimagic bite, no potion heal 2
a: no special abilities


You were on level 3 of the Dungeon.
You visited 1 branch of the dungeon, and saw 4 of its levels.

You collected 110 gold pieces.

Inventory:

Hand Weapons
 c - a +0 short sword (weapon)
Armour
 a - a +1 robe
 h - a +2 robe of willpower (worn)
Jewellery
 d - a ring of willpower (left hand)
Potions
 b - a potion of curing
 i - 2 potions of haste {unknown}
 j - a potion of ambrosia {unknown}
 k - a potion of berserk rage {unknown}


   Skills:
 - Level 1.2 Fighting
 - Level 2.0 Short Blades
 - Level 2.1 Dodging
 - Level 2.4 Stealth
 + Level 3.3 Spellcasting
 + Level 4.8 Necromancy


You had 6 spell levels left.
You knew the following spells:

 Your Spells              Type           Power      Damage    Failure   Level
a - Pain                  Necr           64%        1d7       2%          1
b - Vampiric Draining     Necr           8%         2d7       9%          3

Your spell library contained the following spells:

 Spells                   Type           Power      Damage    Failure   Level
 Animate Skeleton         Necr           32%        N/A       2%          1
 Magic Dart               Conj           8%         1d3       19%         1
 Animate Dead             Necr           8%         N/A       26%         4
 Searing Ray              Conj           4%         3d3       28%         2
 Agony                    Necr           16%        N/A       58%         5
 Fulminant Prism          Conj/Hex       1%         3d6       88%         4
 Freezing Cloud           Conj/Ice/Air   1%         6-21      99%         5
 Simulacrum               Ice/Necr       4%         N/A       100%        6
 Polar Vortex             Ice            1%         N/A       100%        9


Dungeon Overview and Level Annotations

Branches:
Dungeon (4/15)
 Temple: D:4-7

Altars:
Ashenzari


Innate Abilities, Weirdness & Mutations

You have extremely sharp teeth.
Your natural rate of healing is unusually fast.
When hurt, damage is shared between your health and your magic reserves.
Your bite disrupts and absorbs the magic of your enemies.
Potions cannot restore your health.


Message History

You kill the orc!
Sorry, you're not good enough to have a special ability.
Unknown command.
Casting: Pain (safe; 2% risk of failure)
Confirm with . or Enter, or press ? or * to list all spells.
Aiming: Pain (safe; 2% risk of failure)
Press: ? - help, Shift-Dir - straight line, f - ogre
Aim: an ogre, wielding a +0 giant spiked club (chance to affect: 75%)
The ogre struggles to resist.
You hit the ogre but do no damage. Your bite misses the ogre.
The ogre barely misses you.
You hit the ogre.
The ogre is lightly wounded.
The ogre hits you with a +0 giant spiked club!!
Ouch! That really hurt!
Unknown command.
Casting: Pain (safe; 2% risk of failure)
Confirm with . or Enter, or press ? or * to list all spells.
Aiming: Pain (safe; 2% risk of failure)
Press: ? - help, Shift-Dir - straight line, f/p - ogre
Aim: an ogre, wielding a +0 giant spiked club (lightly wounded, chance to affect: 75%)
The ogre writhes in agony.
You hit the ogre but do no damage. Your bite misses the ogre.
The ogre is moderately wounded.
The ogre barely misses you.
You hit the ogre but do no damage.
The ogre is moderately wounded.
The ogre barely misses you.
You closely miss the ogre. You bite the ogre. You drain its power.
You feel invigorated.
The ogre is moderately wounded.
You barely miss the ogre. You bite the ogre. You drain its power.
You feel invigorated.
The ogre is heavily wounded.
The ogre hits you with a +0 giant spiked club.
You barely miss the ogre.
The ogre is heavily wounded.
The ogre hits you with a +0 giant spiked club!!
Ouch! That really hurt!
You die...

.....# #..# #.# #.# .....#
#..# #.# #.# .....# #..#
#.####.# .....# #..# #.#....#
.....# #..# #.#.#### .....#
#..# #.#.############# ...÷.#
#..# #.#.............# ##+#.#
#..# #.#############.# #§#.#
#..# #..@Os...# #.#
##.#.####..##########.# #.#
..s......)........sO..# #.#
##§#.#######################.#
§§§#.# #.....................#
####.# #.#####################
# #.# #.# # #.# #.# ####.# #.#


You could see an ogre and a scorpion.

Vanquished Creatures
  Robin (D:3)
  3 adders
  An ufetubus (D:3)
  An adder skeleton (D:2)
  2 worms
  A dart slug (D:1)
  7 orcs (D:3)
  8 ball pythons
  2 bats (D:2)
  8 endoplasms
  4 giant cockroaches
  12 goblins
  15 hobgoblins
  6 jackals
  4 kobolds (D:1)
  5 quokkas
  4 frilled lizards
  6 rats
90 creatures vanquished.

Notes
Turn   | Place    | Note
-------+----------+-------------------------------------------
     0 | D:1      | Stomo444 the Vine Stalker Necromancer began the quest for
                  | the Orb.
     0 | D:1      | Reached XP level 1. HP: 9/9 MP: 4/4
   340 | D:1      | Reached XP level 2. HP: 12/14 MP: 4/6
   393 | D:1      | Reached skill level 1 in Fighting
  1126 | D:1      | Reached skill level 1 in Short Blades
  1126 | D:1      | Reached XP level 3. HP: 17/18 MP: 5/7
  1243 | D:1      | Learned a level 3 spell: Vampiric Draining
  2396 | D:2      | Gained mutation: Your natural rate of healing is unusually
                  | fast. [Vine Stalker growth]
  2396 | D:2      | Reached XP level 4. HP: 22/22 MP: 8/8
  2737 | D:2      | Found a broken altar of Ashenzari.
  3039 | D:3      | Noticed Robin
  3106 | D:3      | Found a faded altar of an unknown god.
  3420 | D:3      | Reached XP level 5. HP: 25/25 MP: 10/10
  3427 | D:3      | Killed Robin
  4061 | D:4      | Noticed an ogre
  4149 | D:3      | Slain by an ogre

Illustrated notes

Levels and vault maps discovered:
D:1:      ncdulo_watergridlock, layout_rooms, st_stairs_7, minmay_crystal_water
D:2:      layout_loops_ring, basic_altar, hangedman_decor_opposing,
          hangedman_decor_growths
D:3:      layout_basic, hellmonk_ecumenical_altar_slurped_away, uniq_robin
D:4:      minmay_opposing_rooms, layout_rooms, lightli_temple_of_fire,
          minmay_temple_entry_antechambers

Skill      XL: |  1  2  3  4 |
---------------+-------------+-----
Fighting       | 1 |  1.2
Dodging        | 2 |  2.1
Short Blades   | 1 2 |  2.0
Spellcasting   | 3 |  3.3
Stealth        | |  2.4
Necromancy     | |  4.8

Action                   |  1- 3 |  4- 6 || total
-------------------------+-------+-------++-------
Melee: Unarmed           |     7 |       ||     7
       Short sword       |    44 |   104 ||   148
       Bite              |    12 |    20 ||    32
 Cast: Pain              |    63 |    56 ||   119
       Vampiric Draining |     1 |     5 ||     6
  Use: Scroll            |       |     3 ||     3
 Stab: Sleeping          |     1 |     2 ||     3
Armor: Robe              |    10 |    40 ||    50
Dodge: Dodged            |    25 |    95 ||   120
